 Dungeon Crawl Stone Soup version 0.30-a0-1053-gbd8d5ba0ad (webtiles) character file.

Game seed: 4161424947323049887

103 LobsterGuardian the Trooper (level 4, -1/26 HPs)
             Began as a Gargoyle Monk on Apr 12, 2023.
             Was a Priest of Hepliaklqana.
             Killed from afar by Ijyb (6 damage)
             ... with a puff of flame
             ... on level 4 of the Dungeon.
             The game lasted 00:09:21 (2178 turns).

LobsterGuardian the Trooper (Gargoyle Monk)         Turns: 2178, Time: 00:09:21

Health: -1/26      AC:  9    Str: 15    XL:     4   Next: 79%
Magic:  4/4        EV: 10    Int: 10    God:    Hepliaklqana [***...]
Gold:   271        SH:  0    Dex: 14    Spells: 3/3 levels left

rFire   . . .      SeeInvis .    f - +0 whip
rCold   . . .      Faith    .    (no shield)
rNeg    + . .      Spirit   .    i - +0 scale mail
rPois   ∞          Reflect  .    (no helmet)
rElec   +          Rampage  .    (no cloak)
rCorr   .                        (no gloves)
Will    .....                    (no boots)
Stlth   +                        (no amulet)
HPRegen 0.24/turn                (no ring)
MPRegen 0.09/turn                (no ring)

@: mighty
A: reduced essence, sickness immunity, AC +3, negative energy resistance 1,
electricity resistance, torment resistance 1, petrification resistance
a: Renounce Religion, Recall Ancestor, Ancestor Identity, Transference


You were on level 4 of the Dungeon.
You worshipped Hepliaklqana.
Hepliaklqana was most pleased with you.
You visited 1 branch of the dungeon, and saw 4 of its levels.

You collected 271 gold pieces.

Inventory:

Hand Weapons
 e - a +0 dagger of venom
 f - a +0 whip (weapon)
Armour
 i - a +0 scale mail (worn)
Jewellery
 j - a ring of see invisible
Scrolls
 a - a scroll of blinking {unknown}
 b - a scroll of vulnerability {unknown}
 k - a scroll of fear {unknown}
 l - a scroll of poison {unknown}
Potions
 c - 3 potions of might
 g - a potion of attraction
 m - a potion of flight


   Skills:
 * Level 4.1 Fighting
 * Level 1.8 Maces & Flails
 + Level 1.4 Armour
 + Level 2.8 Dodging
 - Level 2.5 Stealth
 - Level 3.3 Unarmed Combat


You had 3 spell levels left.
You didn't know any spells.
Your spell library contained the following spells:

 Spells                   Type           Power      Damage    Failure   Level
 Necrotise                Necr           0%         1d4       83%         1
 Vampiric Draining        Necr           0%         2d6       99%         3
 Agony                    Necr           0%         N/A       100%        5


Dungeon Overview and Level Annotations

Branches:
Dungeon (4/15)
 Temple: D:4-7

Altars:
Dithmenos
Hepliaklqana
Wu Jian
Yredelemnul
Zin

Shops:
D:1 *

Annotations:
D:4 Ijyb


Innate Abilities, Weirdness & Mutations

Your life essence is reduced to manifest your ancestor. (-10% HP)
You are immune to sickness and miasma.
Your stone body is resilient. (AC +3)
You are immune to poison.
You resist negative energy. (rN+)
You are resistant to electric shocks. (rElec)
You are resistant to unholy torment.
You are immune to petrification.


Message History

Brogan casts a spell at the scorpion.
The scorpion resists with some effort.
The scorpion closely misses you. Ijyb hits you with a +0 club.
There is a stone staircase leading up here.
Unknown command.
The scorpion attacks as you move away! The scorpion closely misses you.
The scorpion closely misses Brogan.
Ijyb zaps a wand.
The puff of flame misses Brogan.
The puff of flame hits you!
Unknown command.
It was a potion of might.
You feel very mighty all of a sudden.
The scorpion stings Brogan.
Brogan barely misses the scorpion.
Ijyb screams, "You nasty!
Big nasty!"
Ijyb hits Brogan with a +0 club.
Unknown command.
Throw: 2 throwing nets
Press: ? - help, Q - select action, (/) - cycle Shift-Dir - straight line, f - scorpion
Aim: a scorpion (ally target, 60% to hit)
You throw a throwing net. Brogan avoids your attack.
The throwing net hits the scorpion.
The scorpion is caught in the net!
Brogan barely misses the scorpion.
The scorpion struggles against the net.
Brogan points at the scorpion and mumbles some strange words.
The scorpion seems to slow down.
Ijyb zaps a wand.
The puff of flame misses Brogan.
The puff of flame hits you!
* * * LOW HITPOINT WARNING * * *
Unknown command.
Okay, then.
Throw: throwing net
Press: ? - help, Q - select action, (/) - cycle Shift-Dir - straight line, f - Ijyb, p - scorpion
Aim: Ijyb, wielding a +0 club, wearing a +0 leather armour and carrying a wand of flame (10) (53% to hit)
You throw a throwing net. Brogan avoids your attack.
The throwing net hits Ijyb.
Ijyb is caught in the net!
The scorpion struggles against the net.
Brogan hits the scorpion with a +0 dagger of draining.
Ijyb struggles against the net.
You swap places.
The scorpion struggles against the net.
Ijyb zaps a wand.
The puff of flame hits you.
You die...

...# #
###.#. ..
#.... $##
#...#
.>..... #
#.#..##.#
#.sg....#
#@R# #..#
#..#
#....)..#
##..###.#
#. .# #
.. .## ##


You could see the friendly Brogan the hexer, Ijyb (caught) and a scorpion
(caught, slow, ally target).

Vanquished Creatures
  3 gnolls (D:3)
  An adder (D:2)
  A worm (D:2)
  7 ball pythons
  6 bats
  3 endoplasms (D:1)
  4 giant cockroaches
  7 goblins
  4 jackals (D:3)
  2 quokkas (D:1)
  2 frilled lizards
  5 kobolds
  5 rats
50 creatures vanquished.

Vanquished Creatures (collateral kills)
  A ball python (D:3)
  2 endoplasms (D:3)
  3 jackals (D:3)
  2 bats (D:3)
8 creatures vanquished.

Grand Total: 58 creatures vanquished

Notes
Turn   | Place    | Note
-------+----------+-------------------------------------------
     0 | D:1      | LobsterGuardian the Gargoyle Monk began the quest for the
                  | Orb.
     0 | D:1      | Reached XP level 1. HP: 14/14 MP: 1/1
    71 | D:1      | Reached XP level 2. HP: 15/19 MP: 2/2
   294 | D:1      | Reached XP level 3. HP: 17/24 MP: 3/3
   403 | D:1      | Found Fiyssuw's Assorted Antiques.
   603 | D:1      | Found a faded altar of an unknown god.
   936 | D:2      | Reached skill level 4 in Fighting
  1268 | D:2      | Found an ornate altar of the Wu Jian Council.
  1512 | D:1      | Prayed at the altar of an unknown god.
  1512 | D:1      | Became a worshipper of Hepliaklqana the Forgotten
  1512 | D:1      | Reached * piety under Hepliaklqana
  1512 | D:1      | Reached ** piety under Hepliaklqana
  1513 | D:1      | Remembered your ancestor Brogan as a hexer
  1568 | D:3      | Reached skill level 1 in Maces & Flails
  1568 | D:3      | Reached XP level 4. HP: 26/26 MP: 4/4
  1616 | D:3      | Reached skill level 1 in Armour
  1747 | D:3      | Found a hazy altar of Hepliaklqana.
  1816 | D:3      | Reached *** piety under Hepliaklqana
  1922 | D:3      | Found a basalt altar of Yredelemnul.
  2087 | D:3      | Found a glowing silver altar of Zin.
  2116 | D:3      | Found a shadowy altar of Dithmenos.
  2168 | D:4      | Noticed a scorpion
  2170 | D:4      | Noticed Ijyb
  2178 | D:4      | Killed from afar by Ijyb

Illustrated notes

Levels and vault maps discovered:
D:1:      minmay_arrival_five_plusses, layout_basic,
          shapermc_ecumenical_altar_mp_vishouse, serial_shops, shop,
          amcnicky_mini_rare_corridor_liquid, columned_hall_lemuel,
          kennysheep_minor_cross, minmay_tetromino_o2
D:2:      layout_basic, basic_altar
D:3:      layout_rooms, mainiacjoe_overflow_two_lobes,
          nicolae_hepliaklqana_hazy_memory, general_overflow_altar
D:4:      layout_loops_ring, nicolae_overflow_crystal_walls, lemuel_tele_altar,
          uniq_ijyb, uniq_pikel, uniq_natasha, uniq_blork_the_orc

Skill      XL: |  1  2  3  4 |
---------------+-------------+-----
Fighting       | 4 |  4.1
Maces & Flails | 1 |  1.8
Armour         | 1 |  1.4
Dodging        | |  2.8
Stealth        | |  2.5
Unarmed Combat | |  3.3

Action                     |  1- 3 |  4- 6 || total
---------------------------+-------+-------++-------
  Melee: Unarmed           |    27 |       ||    27
         Dagger            |    37 |       ||    37
         Whip              |    69 |    52 ||   121
         Punch             |     3 |     3 ||     6
  Throw: Throwing net      |       |     2 ||     2
 Invoke: Ancestor Life: He |     1 |       ||     1
         Ancestor Identity |     1 |       ||     1
    Use: Scroll            |     2 |     2 ||     4
         Potion            |     1 |     1 ||     2
   Stab: Sleeping          |     3 |       ||     3
         Confused          |     2 |       ||     2
         Distracted        |       |     2 ||     2
 Armour: Robe              |    19 |       ||    19
         Leather armour    |    16 |       ||    16
         Scale mail        |    15 |    20 ||    35
  Dodge: Dodged            |    82 |    28 ||   110

Table legend: (Time is in decaauts)
 A = Elapsed time spent in this place.
 B = Non-inter-level travel time spent in this place.
 C = Inter-level travel time spent in this place.
 D = Time resting spent in this place.
 E = Time spent auto-exploring this place.
 F = Levels seen in this place.
 G = Mean time per level.
                   A        B        C        D        E       F      G
               +--------+--------+--------+--------+--------+-----+--------+
         Total |   2180 |   2033 |    147 |      0 |   1550 |   4 |  545.0 |
       Dungeon |   2180 |   2033 |    147 |      0 |   1550 |   4 |  545.0 |
               +--------+--------+--------+--------+--------+-----+--------+

Top non-repeatable levels by time:
     D:1: 823 daAuts
     D:2: 719 daAuts
     D:3: 628 daAuts
     D:4: 9 daAuts
